Map: [ESL] Cosmic Sapphire

Players

Reynor

  • Race: Zerg Zerg
  • Spawn Location: 11:00

Serral - Winner!

  • Race: Zerg Zerg
  • Spawn Location: 5:00

Event: DreamHack SC2 Masters 2022 Atlanta (Online)

VOD

Have the link to the VOD?

Description

Time

  • Played on: Oct. 15, 2022, 12:31 p.m.
  • Length: 11:20

All games in this series

Show
View Real Time Build Order
Export as new Build Order

Reynor Zerg 

Build Orders: Hatch First 

Get SALT Encoding   

  12  0:00  Drone  
  13  0:12  Overlord  
  13  0:16  Drone  
  14  0:30  Drone x2  
  16  0:48  Hatchery  
  15  0:51  Drone  
  15  0:55  Drone  
  17  0:58  Drone  
  18  1:09  Extractor  
  17  1:13  Spawning Pool  
  17  1:17  Drone  
  17  1:20  Drone  
  18  1:27  Drone  
  19  1:38  Drone  
  20  1:49  Drone  
  21  1:59  Overlord  
  21  2:00  Queen  
  24  2:01  Zergling x2, Queen  
  26  2:10  Metabolic Boost, Drone  
  26  2:11  Drone  
  28  2:21  Drone  
  28  2:22  Drone  
  30  2:32  Hatchery  
  30  2:35  Drone  
  30  2:38  Drone  
  30  2:43  Drone x2  
  33  2:53  Baneling Nest  
  33  2:55  Overlord  
  33  2:56  Zergling x2  
  33  3:01  Queen  
  33  3:04  Drone  
  36  3:14  Drone x3  
  36  3:15  Overlord  
  36  3:16  Zergling x2  
  40  3:21  Zergling x4  
  40  3:22  Drone  
  40  3:25  Drone  
  44  3:32  Evolution Chamber  
  44  3:33  Drone  
  44  3:35  Drone  
  44  3:38  Baneling  
  44  3:41  Drone  
  46  3:43  Overlord  
  46  3:44  Drone x3  
  49  3:48  Drone  
  49  3:54  Drone  
  49  3:55  Drone  
  52  3:59  Extractor  
  52  4:00  Drone  
  52  4:01  Zerg Melee Weapons Level 1  
  52  4:06  Drone x2  
  53  4:10  Overlord  
  53  4:12  Drone x2  
  53  4:16  Overlord  
  55  4:17  Drone x2  
  55  4:18  Drone  
  55  4:20  Lair  
  55  4:22  Drone  
  59  4:26  Drone, Extractor  
  59  4:27  Drone x2, Extractor  
  59  4:28  Drone  
  59  4:29  Drone  
  62  4:32  Overlord  
  62  4:39  Zergling x2  
  62  4:43  Zergling x4  
  62  4:44  Zergling x4  
  67  4:48  Zergling x2  
  67  4:49  Zergling x6  
  71  4:53  Baneling x2  
  71  4:54  Baneling  
  71  4:55  Zergling x6  
  71  4:58  Zergling x6  
  77  5:02  Overlord  
  77  5:05  Zergling x4  
  79  5:12  Zergling x2  
  80  5:18  Overlord  
  78  5:22  Zergling x6  
  78  5:23  Zergling x2  
  78  5:27  Overlord  
  76  5:29  Spire  
  76  5:34  Drone x4  
  70  5:37  Drone x2  
  70  5:38  Zergling x8  
  70  5:42  Queen  
  76  5:45  Zergling x2  
  76  5:48  Zergling x2  
  77  5:51  Baneling  
  77  5:53  Zergling x2, Extractor  
  77  5:54  Extractor  
  77  5:55  Overlord  
  77  5:56  Zerg Melee Weapons Level 2  
  76  5:59  Baneling x2  
  76  6:00  Drone  
  76  6:01  Hatchery  
  76  6:04  Zergling x2  
  76  6:06  Zergling x2  
  76  6:10  Drone x5  
  81  6:13  Zergling x10  
  81  6:14  Overlord  
  84  6:22  Drone  
  83  6:26  Overlord  
  83  6:33  Drone x2  
  85  6:41  Mutalisk x9  
  102  6:49  Mutalisk  
  102  6:52  Zergling x4  
  106  6:59  Drone x2  
  108  7:02  Drone x3  
  108  7:05  Zerg Flyer Weapons Level 1  
  110  7:10  Mutalisk x3  
  110  7:12  Overlord  
  110  7:13  Drone x3  
  110  7:14  Drone x2  
  110  7:15  Drone  
  122  7:16  Drone  
  123  7:24  Overlord  
  123  7:28  Mutalisk x2  
  127  7:30  Drone x3  
  127  7:31  Drone  
  127  7:35  Drone x3  
  134  7:37  Overlord  
  134  7:41  Mutalisk x3, Extractor  
  134  7:42  Extractor  
  134  7:44  Zergling x6  
  141  7:48  Zergling x4  
  141  7:50  Overlord  
  143  7:52  Zergling x2  
  143  7:56  Zergling x2  
  145  8:00  Drone x3  
  145  8:01  Drone  
  149  8:07  Overlord  
  149  8:08  Hatchery  
  149  8:09  Baneling x4  
  149  8:10  Mutalisk x2  
  152  8:15  Zergling x16  
  152  8:16  Zergling x2  
  161  8:22  Overlord  
  161  8:25  Spine Crawler  
  159  8:32  Mutalisk x4  
  161  8:37  Zergling x12  
  161  8:38  Zergling x4  
  161  8:39  Zergling x6  
  157  8:42  Mutalisk x2  
  159  8:50  Spine Crawler  
  159  8:51  Spine Crawler  
  159  8:52  Zergling x2, Spine Crawler  
  159  8:53  Zergling x12  
  150  9:01  Zergling x2  
  150  9:02  Zergling x8  
  137  9:06  Overlord x3  
  137  9:07  Spine Crawler  
  129  9:14  Overlord  
  125  9:19  Spore Crawler x2  
  125  9:20  Spine Crawler  
  118  9:26  Zergling x10  
  118  9:28  Zergling x2  
  118  9:29  Zergling x2  
  109  9:32  Zergling x6  
  109  9:34  Queen  
  107  9:40  Zergling x4  
  109  9:45  Zergling x4  
  108  9:53  Zergling x2  
  108  9:54  Zergling x4  
  108  9:56  Baneling x3  
  108  9:57  Baneling x2  
  105  10:01  Zergling x2  
  105  10:04  Zergling x4  
  102  10:09  Infestation Pit  
  102  10:12  Zergling x2  
  100  10:15  Zergling x4  
  100  10:16  Queen x2  
  94  10:22  Zergling x2  
  94  10:27  Zergling x4  
  90  10:34  Zergling x2  
  81  10:37  Zergling x4  
  71  10:44  Zergling x2  
  71  10:48  Zergling x4  
  67  10:57  Zergling x8  
  67  11:02  Zergling x2  
Show
View Real Time Build Order
Export as new Build Order

Serral Zerg - Winner!

Build Orders: Hatch First 

Get SALT Encoding   

  12  0:01  Drone  
  13  0:13  Overlord  
  13  0:16  Drone  
  14  0:31  Drone x2  
  16  0:48  Hatchery  
  15  0:51  Drone  
  15  0:54  Drone  
  17  0:57  Drone  
  18  1:08  Extractor  
  17  1:13  Spawning Pool  
  17  1:17  Drone  
  17  1:19  Drone  
  18  1:28  Drone  
  19  1:39  Drone  
  20  1:50  Drone  
  21  1:59  Queen x2  
  21  2:00  Zergling x2, Overlord  
  26  2:10  Drone  
  26  2:11  Drone  
  26  2:12  Metabolic Boost  
  28  2:21  Zergling x2  
  28  2:22  Drone  
  30  2:33  Hatchery  
  30  2:35  Drone  
  30  2:38  Drone  
  30  2:42  Drone  
  32  2:46  Baneling Nest  
  31  2:52  Overlord  
  31  2:55  Drone  
  31  2:56  Drone  
  33  3:02  Queen  
  35  3:08  Zergling x2  
  35  3:11  Zergling x4  
  38  3:14  Zergling x2  
  38  3:16  Drone x2  
  41  3:20  Overlord  
  41  3:24  Drone x2  
  42  3:27  Drone  
  42  3:33  Drone, Evolution Chamber  
  44  3:34  Evolution Chamber  
  44  3:41  Drone x4  
  47  3:44  Overlord  
  47  3:46  Drone  
  48  3:51  Zergling x2  
  48  3:52  Drone  
  48  3:54  Drone x2  
  52  3:58  Extractor  
  52  4:00  Zerg Missile Weapons Level 1  
  52  4:02  Drone x2  
  53  4:05  Drone  
  53  4:09  Overlord  
  54  4:10  Drone x2  
  54  4:13  Drone x2  
  54  4:16  Drone x2  
  59  4:19  Zergling x2  
  59  4:20  Baneling  
  59  4:21  Drone x2  
  62  4:26  Roach Warren  
  61  4:33  Drone, Overlord  
  61  4:35  Drone x2  
  64  4:38  Lair  
  64  4:41  Drone, Extractor  
  64  4:42  Extractor  
  64  4:43  Drone  
  64  4:46  Overlord  
  64  4:47  Drone  
  64  4:51  Overlord  
  65  4:53  Drone x3  
  65  4:55  Drone x2  
  65  4:59  Drone x4  
  73  5:06  Zergling x4  
  75  5:09  Baneling  
  75  5:10  Roach  
  76  5:14  Roach x3  
  76  5:16  Baneling x2  
  76  5:19  Baneling  
  76  5:21  Roach x3  
  88  5:27  Drone x5  
  88  5:34  Roach x2  
  89  5:50  Roach x3  
  89  5:51  Overseer, Roach  
  89  5:52  Glial Reconstitution  
  89  5:55  Extractor  
  89  5:56  Queen, Extractor  
  97  5:58  Overseer  
  97  6:07  Queen  
  97  6:08  Overlord  
  97  6:10  Overlord  
  98  6:14  Overlord  
  98  6:17  Overlord x3  
  98  6:19  Overlord  
  98  6:25  Spire  
  96  6:26  Queen  
  96  6:29  Drone x5  
  98  6:34  Drone x3  
  101  6:40  Overlord  
  101  6:43  Drone x2  
  101  6:44  Overlord  
  103  6:48  Overlord  
  103  6:51  Drone  
  103  6:52  Drone  
  105  6:55  Drone  
  105  6:56  Spore Crawler  
  105  6:58  Drone  
  105  7:00  Spore Crawler  
  105  7:02  Drone  
  105  7:03  Drone x2  
  108  7:08  Spore Crawler  
  111  7:36  Corruptor x10  
  117  7:42  Corruptor x2  
  131  7:48  Corruptor x2  
  135  7:54  Roach x3  
  141  7:59  Corruptor  
  141  8:01  Zergling x10  
  141  8:02  Zergling x2  
  149  8:13  Overlord x2  
  149  8:18  Corruptor  
  151  8:24  Corruptor x3  
  154  8:35  Roach x6  
  154  8:41  Roach x2  
  167  8:46  Roach x5  
  157  8:50  Roach  
  157  8:54  Roach  
  152  9:02  Roach x2  
  154  9:06  Roach  
  156  9:12  Roach x2  
  160  9:20  Roach  
  160  9:21  Overlord  
  160  9:26  Roach x3  
  160  9:28  Roach  
  160  9:31  Roach  
  156  9:33  Roach  
  158  9:39  Roach x2  
  158  9:40  Roach  
  158  9:44  Roach  
  166  9:52  Roach x3  
  164  9:53  Roach  
  143  10:00  Roach  
  143  10:01  Roach  
  143  10:03  Roach  
  143  10:05  Roach  
  143  10:06  Roach  
  151  10:10  Roach  
  153  10:17  Roach x3  
  141  10:22  Roach x2  
  141  10:25  Roach  
  141  10:28  Roach  
  140  10:32  Roach  
  135  10:42  Drone x3  
  133  10:44  Drone  
  133  10:47  Drone  
  133  10:53  Drone x2  
  134  10:57  Drone x2  
  134  10:59  Drone  
  134  11:02  Drone  
  133  11:04  Drone  
Tags
 
Add a new tag
Caveats
  • Supply blocks, unpowered buildings, or Contaminate may cause inaccurate times.
  • Supply counts are checked every 10 seconds.